 Dungeon Crawl Stone Soup version 0.15-a0-1253-g15b4f57 (webtiles) character file.

132 Quh the Charmwright (level 4, -3/34 HPs)
             Began as a Vampire Skald on June 4, 2014.
             Killed from afar by an orc wizard (9 damage)
             ... with a magic dart
             ... on Level 3 of the Dungeon.
             The game lasted 00:12:44 (2560 turns).

Quh the Charmwright (Vampire Skald)                 Turns: 2560, Time: 00:12:44

HP  -3/34        AC  3     Str 11      XL: 4   Next: 92%
MP   1/8         EV 11     Int 15      God:
Gold 89          SH  0     Dex 13      Spells:  3 memorised,  3 levels left

rFire  . . .     SeeInvis +     a - +0 short sword
rCold  . . .     Clarity  .     n - +0 leather armour
rNeg   + . .     rCorr    .     (no shield)
rPois  .         rRot     .     (no helmet)
rElec  .         Spirit   .     (no cloak)
SustAb .         Warding  .     (no gloves)
rMut   .         Stasis   .     (no boots)
Gourm  .                        (no amulet)
MR     .....                    (no ring)
                                (no ring)

@: shrouded, infused, not resistant to hostile enchantments, very unstealthy
A: fangs 3, see invisible, unbreathing
a: Bat Form


You were on level 3 of the Dungeon.
You were not thirsty.

You visited 1 branch of the dungeon, and saw 3 of its levels.

You collected 89 gold pieces.

Inventory:

Hand weapons
 a - a +0,+0 short sword (weapon)
 f - a +0,+0 dagger
 j - a +0,+0 club
Missiles
 e - 85 stones
 l - 37 sling bullets
 q - 2 tomahawks of returning (quivered)
Armour
 b - a +0 leather armour
 g - a +0 leather armour
 h - a +0 leather armour
 n - a +0 leather armour (worn)
Scrolls
 m - 3 scrolls of teleportation {unknown}
 o - a scroll of identify {unknown}
 p - a scroll of amnesia {unknown}
Potions
 i - 3 potions of magic {unknown}
 k - 2 potions of heal wounds {unknown}
 r - 2 potions of resistance {unknown}
 s - a potion of restore abilities {unknown}
 t - a potion of might {unknown}
Books
 c - a book of Battle

   Spells                             Type                      Level
   *Infusion                          Charms                       1
   *Shroud of Golubria                Charms/Translocation         2
   *Song of Slaying                   Charms                       2
   Spectral Weapon                    Hexes/Charms                 3
   Regeneration                       Charms/Necromancy            3


   Skills:
 + Level 2.4 Fighting
 * Level 3.4 Short Blades
 - Level 0.7 Armour
 + Level 1.9 Dodging
 * Level 2.5 Spellcasting
 * Level 4.4 Charms


You had 3 spell levels left.
You knew the following spells:

 Your Spells              Type           Power        Failure   Level  Hunger
a - Infusion              Chrm           ###...       3%          1    #......
b - Shroud of Golubria    Chrm/Tloc      #.........   14%         2    ##.....
c - Song of Slaying       Chrm           ###.....     6%          2    ##.....


Dungeon Overview and Level Annotations

Branches:
Dungeon (3/15)

Altars:

Annotations:
D:2 Sigmund


Innate Abilities, Weirdness & Mutations

You have razor-sharp teeth.*
You have supernaturally acute eyesight.
You can survive without breathing.*


Message History

Confirm with . or Enter, or press ? or * to list all spells.
Space distorts slightly along a thin shroud covering your body.
Casting: Shroud of Golubria
Confirm with . or Enter, or press ? or * to list all spells.
You extend your infusion's duration.
The orc wizard casts a spell at you. The magic dart hits you!
You closely miss the orc wizard.
The orc wizard gestures wildly while chanting.
The orc wizard blinks!
You hit the orc.
You kill the orc!
The orc wizard gestures wildly while chanting.
The orc wizard blinks!
The orc wizard casts a spell at you. The magic dart hits you!
* * * LOW HITPOINT WARNING * * *
The orc wizard points at you and mumbles some strange words.
The magic dart hits you!
You die...

#.# #.# #.# #.# #.# #####
#.# .....# #.#
......#####.###########
.............)@........#
..............########.##
...........o...#
...............#
...............#
####......%...#
#..........#
.####..........#
...............#


You could see an orc wizard.

Vanquished Creatures
  Jessica (D:2)
  4 adders
  A worm (D:2)
  3 orcs (D:3)
  5 giant cockroaches
  10 goblins
  6 hobgoblins
  3 quokkas
  2 ball pythons
  4 bats
  3 giant geckos
  3 giant newts
  13 jackals
  4 kobolds
  3 rats (D:1)
65 creatures vanquished.

Notes
Turn   | Place    | Note
--------------------------------------------------------------
     0 | D:1      | Quh, the Vampire Skald, began the quest for the Orb.
     0 | D:1      | Reached XP level 1. HP: 16/16 MP: 3/3
   251 | D:1      | Reached XP level 2. HP: 19/22 MP: 0/4
   298 | D:1      | Learned a level 2 spell: Shroud of Golubria
   301 | D:1      | Learned a level 2 spell: Song of Slaying
   979 | D:2      | Noticed Sigmund
   984 | D:1      | Reached XP level 3. HP: 24/27 MP: 3/6
  1462 | D:2      | Noticed Jessica
  1472 | D:2      | Reached skill level 4 in Charms
  1480 | D:2      | Killed Jessica
  1480 | D:2      | Reached XP level 4. HP: 7/34 MP: 1/7
  2560 | D:3      | Killed from afar by an orc wizard

Action                   |  1- 3 |  4- 6 || total
-------------------------+-------+-------++-------
Melee: Short sword       |   129 |    82 ||   211
Throw: Stone             |     9 |     5 ||    14
       Tomahawk          |       |     8 ||     8
 Cast: Infusion          |    14 |     7 ||    21
       Shroud of Golubri |     9 |     7 ||    16
       Song of Slaying   |     2 |     1 ||     3
